 Dungeon Crawl Stone Soup version 0.21.3-3-g218456f21e (webtiles) character file.

1086 BrokenGlass the Skirmisher (level 8, -3/54 HPs)
             Began as an Octopode Monk on Apr 18, 2023.
             Was an Elder of Ru.
             Slain by a wyvern skeleton (14 damage)
             ... on level 6 of the Dungeon.
             The game lasted 00:24:30 (5503 turns).

BrokenGlass the Skirmisher (Octopode Monk)          Turns: 5503, Time: 00:24:30

Health: -3/54      AC:  1    Str: 14    XL:     8   Next: 30%
Magic:  12/12      EV: 14    Int: 12    God:    Ru [****..]
Gold:   73         SH:  0    Dex: 16    Spells: 7/7 levels left

rFire    x . .     SeeInvis .     - Unarmed
rCold    x . .     Gourm    .   (no shield)
rNeg     . . .     Faith    +   (helmet restricted)
rPois    .         Spirit   .   s - amulet of faith
rElec    .         Reflect  .   d - +3 ring of strength
rCorr    .         Harm     .   (no ring)
MR       .....                  (no ring)
Stlth    ++++......             (no ring)
HPRegen  0.18/turn              (no ring)
MPRegen  0.13/turn              (no ring)
                                (no ring)
                                (no ring)

@: no status effects
A: almost no armour, stealthy swim, amphibious, 8 rings, constrict 8, camouflage
1, frail 1, high mp 1, gelatinous body 1, hated by all, temperature sensitive
a: Draw Out Power, Power Leap, Renounce Religion


You were on level 6 of the Dungeon.
You worshipped Ru.
Ru was greatly pleased with you.
You were not hungry.

You visited 1 branch of the dungeon, and saw 6 of its levels.

You collected 200 gold pieces.
You spent 127 gold pieces at shops.

Inventory:

Hand Weapons
 k - a cursed -2 short sword
 o - a +3 hunting sling of velocity
 p - a +2 dagger of distortion
Missiles
 e - 6 curare-tipped needles
 g - 82 stones (quivered)
 v - 7 tomahawks
Jewellery
 d - a +3 ring of strength (left tentacle)
 h - an uncursed amulet of guardian spirit {unknown}
 s - an amulet of faith (around mantle)
Wands
 m - a wand of disintegration (15)
 w - a wand of iceblast (4)
Scrolls
 c - 3 scrolls of enchant weapon {unknown}
 f - a scroll of blinking {unknown}
 i - a scroll of magic mapping
 j - a scroll of enchant armour {unknown}
 n - a scroll of teleportation
 r - 4 scrolls of remove curse {unknown}
 t - 2 scrolls of immolation
 u - a scroll of fog
 x - a scroll of amnesia
Potions
 b - 2 potions of curing
 l - a potion of resistance
Comestibles
 a - 9 rations
 q - 3 chunks of flesh


   Skills:
 - Level 7.1 Fighting
 - Level 3.0 Dodging
 + Level 5.8 Stealth
 - Level 5.3 Unarmed Combat
 - Level 4.0 Evocations


You had 7 spell levels left.
You didn't know any spells.

Dungeon Overview and Level Annotations

Branches:
Dungeon (6/15)
 Temple: D:4-7

Altars:
Ashenzari
Dithmenos
Gozag
Makhleb
Okawaru
Ru
Wu Jian

Shops:
D:4 **

Annotations:
D:3 exclusion: door


Innate Abilities, Weirdness & Mutations

You cannot wear most types of armour.
You are very stealthy in the water. (Stealth+)
You are amphibious.
You can wear up to eight rings at the same time.
You can use your tentacles to constrict eight enemies at once.
Your skin changes colour to match your surroundings (Stealth+).
Your rubbery body absorbs attacks. (AC +1, EV +1)
You are hated by all.
You are sensitive to extremes of temperature. (rF-, rC-)
You are frail. (-10% HP)
You have an increased reservoir of magic. (+10% MP)


Message History

You squeeze the orc wizard, but do no damage.
The orc wizard is heavily wounded.
You constrict the orc wizard. The orc hits you but does no damage.
The orc wizard hits you with a dagger.
Unknown command.
You tentacle-slap the orc wizard but do no damage.
You squeeze the orc wizard.
The orc wizard is almost dead.
You constrict the orc wizard.
You kill the orc wizard!
The orc hits you with a war axe!
* * * LOW HITPOINT WARNING * * *
You focus your will and paralyse the orc in retribution!
The wyvern skeleton barely misses you. The orc hits you.
* * * LOW HITPOINT WARNING * * *
Unknown command.
Things that are here:
a club; a ring mail; an orc corpse The wyvern skeleton bites you!
You die...

##########
.........#
.........#
.......<.#
.........#
#≈#.....>#
#......##
#<....@.#
#....##Z####
#.... #.oo.#
#.... ##5).#
#....
##)...#
#....
....... #..
.......
...###. ##.#


You could see a shadow imp, 2 orcs and a wyvern skeleton.

Vanquished Creatures
  Eustachio (D:5)
  The ghost of wlmhamsi the Conjurer, an amateur GnWn (D:5)
  2 ogres
  A howler monkey (D:4)
  Crazy Yiuf (D:5)
  2 centaur skeletons (D:5)
  An orc priest (D:4)
  A hound (D:5)
  Natasha (thrice) (D:4)
  An iguana (D:5)
  4 orc wizards
  2 worker ants (D:5)
  3 gnolls (D:2)
  6 adders
  2 shadow imps (D:5)
  2 oozes
  An adder skeleton (D:5)
  3 worms
  2 dart slugs
  2 leopard geckos
  13 orcs
  4 giant cockroaches
  5 goblins
  12 hobgoblins
  10 jackals
  6 bats
  5 frilled lizards
  2 jackal skeletons
  7 kobolds
  2 leopard gecko skeletons (D:4)
  A quokka zombie (D:2)
  4 rats
112 creatures vanquished.

Notes
Turn   | Place    | Note
-------+----------+-------------------------------------------
     0 | D:1      | BrokenGlass the Octopode Monk began the quest for the Orb.
     0 | D:1      | Reached XP level 1. HP: 16/16 MP: 1/1
    88 | D:1      | Reached XP level 2. HP: 13/21 MP: 2/2
   260 | D:1      | Reached skill level 4 in Fighting
   276 | D:1      | Reached XP level 3. HP: 24/27 MP: 3/3
   875 | D:2      | Found a burning altar of Makhleb.
   934 | D:2      | Reached XP level 4. HP: 13/34 MP: 4/4
  1136 | D:2      | Reached skill level 5 in Fighting
  1662 | D:3      | Found an ornate altar of the Wu Jian Council.
  1665 | D:3      | Found an opulent altar of Gozag.
  1668 | D:3      | Found a shadowy altar of Dithmenos.
  1670 | D:3      | Reached XP level 5. HP: 39/39 MP: 5/5
  1698 | D:3      | Found an iron altar of Okawaru.
  1766 | D:3      | Found a faded altar of an unknown god.
  1807 | D:3      | Became a worshipper of Ru the Awakened
  1822 | D:3      | Gained mutation: You are sensitive to extremes of temperature. (rF-, rC-) [Ru sacrifice]
  1822 | D:3      | Reached * piety under Ru
  1822 | D:3      | Reached ** piety under Ru
  2427 | D:3      | Found a shattered altar of Ashenzari.
  2651 | D:4      | Reached skill level 6 in Fighting
  2668 | D:4      | Noticed Natasha
  2670 | D:4      | Noticed an ogre
  2690 | D:3      | Reached XP level 6. HP: 18/46 MP: 6/6
  3057 | D:4      | Killed Natasha
  3064 | D:4      | Noticed Natasha
  3073 | D:5      | Entered Level 5 of the Dungeon
  3690 | D:5      | Reached XP level 7. HP: 26/53 MP: 7/7
  3876 | D:5      | Noticed wlmhamsi's ghost (amateur GnWn)
  3940 | D:4      | Killed Natasha
  3953 | D:4      | Noticed Natasha
  3960 | D:4      | Killed Natasha
  3960 | D:4      | Reached skill level 5 in Unarmed Combat
  4069 | D:4      | Found Xagaggyc's General Store.
  4079 | D:4      | Bought a scroll of amnesia for 49 gold pieces
  4094 | D:4      | Found Baem's Assorted Antiques.
  4097 | D:4      | Bought a scroll labeled UDUDYU JICAJU for 27 gold pieces
  4097 | D:4      | Bought a fizzy emerald potion for 24 gold pieces
  4097 | D:4      | Bought a scroll labeled GARPHAD XAIKLA for 27 gold pieces
  4243 | D:4      | Reached skill level 7 in Fighting
  4321 | D:5      | Found a runed door.
  4456 | D:5      | Noticed Eustachio
  4526 | D:5      | Reached skill level 1 in Evocations
  4841 | D:5      | Killed Eustachio
  4841 | D:5      | Reached XP level 8. HP: 41/60 MP: 8/10
  5250 | D:5      | Gained mutation: You are hated by all. [Ru sacrifice]
  5250 | D:5      | Reached *** piety under Ru
  5250 | D:5      | Reached **** piety under Ru
  5251 | D:5      | Gained mutation: You are frail. (-10% HP) [potion of mutation]
  5251 | D:5      | Gained mutation: You have an increased reservoir of magic. (+10% MP) [potion of mutation]
  5259 | D:5      | Killed wlmhamsi's ghost
  5427 | D:5      | Noticed Crazy Yiuf
  5428 | D:5      | Killed Crazy Yiuf
  5428 | D:5      | Reached skill level 5 in Stealth
  5503 | D:6      | Slain by a wyvern skeleton

Skill      XL: |  1  2  3  4  5  6  7  8 |
---------------+-------------------------+-----
Fighting       | 4 5 6 7 |  7.1
Unarmed Combat | 4 5 |  5.3
Stealth        | 4 5 |  5.8
Evocations     | 3 4 |  4.0
Dodging        | |  3.0

Action                   |  1- 3 |  4- 6 |  7- 9 || total
-------------------------+-------+-------+-------++-------
Melee: Unarmed           |    73 |   132 |    64 ||   269
       Constrict         |    24 |    37 |    14 ||    75
       Tentacles         |    13 |    42 |    25 ||    80
       Punch             |     6 |     3 |     3 ||    12
Invok: Sacrifice Resista |       |     1 |       ||     1
       Sacrifice Love    |       |       |     1 ||     1
Evoke: Wand              |       |       |     2 ||     2
  Use: Scroll            |       |     1 |     7 ||     8
       Potion            |       |     1 |     3 ||     4
 Stab: Sleeping          |     5 |     9 |       ||    14
       Distracted        |       |     2 |       ||     2
       Invisible         |       |       |     1 ||     1
  Eat: Chunk             |       |     8 |     6 ||    14
Armor: Skin              |    12 |     3 |     6 ||    21
Dodge: Dodged            |    52 |    58 |    44 ||   154
